 Dungeon Crawl Stone Soup version 0.26-a0-639-g72c4674329 (webtiles) character file.

Game seed: 9175527643745224925

120 Flugslaktarn the Skirmisher (level 4, 0/41 HPs)
             Began as a Minotaur Fighter on Sept 23, 2020.
             Slain by Duvessa
             ... wielding a +0 antimagic short sword
              (4 damage)
             ... on level 4 of the Dungeon.
             The game lasted 00:00:30 (582 turns).

Flugslaktarn the Skirmisher (Minotaur Fighter)       Turns: 582, Time: 00:00:30

Health: 0/41       AC:  7    Str: 20    XL:     4   Next: 75%
Magic:  0/3        EV:  7    Int:  6    God:
Gold:   72         SH:  9    Dex: 10    Spells: 3/3 levels left

rFire    . . .     SeeInvis .   a - +0 war axe
rCold    . . .     Faith    .   c - +0 kite shield
rNeg     . . .     Spirit   .   b - +0 scale mail
rPois    .         Reflect  .   (helmet restricted)
rElec    .         Harm     .   (no cloak)
rCorr    .         Rampage  .   (no gloves)
MR       .....                  (no boots)
Stlth    ..........             (no amulet)
HPRegen  0.13/turn              (no ring)
MPRegen  0.08/turn              (no ring)

@: mighty, slowed, very slow
A: retaliatory headbutt, horns 2
a: no special abilities


You were on level 4 of the Dungeon.
You visited 1 branch of the dungeon, and saw 4 of its levels.

You collected 72 gold pieces.

Inventory:

Hand Weapons
 a - a +0 war axe (weapon)
Armour
 b - a +0 scale mail (worn)
 c - a +0 kite shield (worn)
Scrolls
 f - a scroll of remove curse {unknown}
 g - a scroll of fog {unknown}
Potions
 h - a potion of flight {unknown}


   Skills:
 * Level 4.9 Fighting
 * Level 4.0 Axes
 + Level 4.2 Armour
 + Level 4.2 Shields


You had 3 spell levels left.
You didn't know any spells.
Your spell library was empty.

Dungeon Overview and Level Annotations

Branches:
Dungeon (4/15)
 Temple: D:4-7

Altars:

Annotations:
D:4 Duvessa


Innate Abilities, Weirdness & Mutations

You reflexively headbutt those who attack you in melee.
You have a pair of horns on your head.


Message History

You furiously retaliate!
You headbutt Duvessa, but do no damage.
Duvessa hits you with a +0 antimagic short sword!
You feel your power leaking away.
Duvessa hits you with a +0 antimagic short sword!
* * * LOW HITPOINT WARNING * * *
You feel your power leaking away.
Duvessa hits you with a +0 antimagic short sword!
* * * LOW HITPOINT WARNING * * *
You are too injured to fight recklessly!
You are too injured to fight recklessly!
You are too injured to fight recklessly!
Unknown command.
It was a potion of curing.
You feel better. Duvessa barely misses you. You block the orc wizard's attack.
You block Duvessa's attack.
You feel very mighty all of a sudden.
Duvessa hits you with a +0 antimagic short sword!
* * * LOW HITPOINT WARNING * * *
You block the orc wizard's attack.
Duvessa hits you with a +0 antimagic short sword.
You die...

#.# #.# ###.# ...#
#..## #... #.e#######
#.@o...... #
#)[####### #. #).#
#####.######†.#######
.......<#<...........
.##...#.......######.
#.# #...###.######
#.###............#
#........>.......#


You could see Duvessa (berserk) and an orc wizard.

Vanquished Creatures
  Dowan (D:4)
  A hound (D:4)
  An adder (D:3)
  2 worms (D:3)
  A dart slug (D:2)
  4 orcs (D:4)
  2 giant cockroaches
  2 goblins
  2 hobgoblins
  4 jackals (D:3)
  2 kobolds (D:1)
  3 bats
  A frilled lizard (D:3)
  2 rats
28 creatures vanquished.

Notes
Turn   | Place    | Note
-------+----------+-------------------------------------------
     0 | D:1      | Flugslaktarn the Minotaur Fighter began the quest for the
                  | Orb.
     0 | D:1      | Reached XP level 1. HP: 19/19 MP: 0/0
   204 | D:2      | Reached XP level 2. HP: 27/27 MP: 1/1
   320 | D:3      | Reached XP level 3. HP: 21/33 MP: 2/2
   570 | D:4      | Reached XP level 4. HP: 35/41 MP: 3/3
   571 | D:4      | Noticed Dowan
   576 | D:4      | Noticed Duvessa
   580 | D:4      | Killed Dowan
   582 | D:4      | Slain by Duvessa

Illustrated notes

Levels and vault maps discovered:
D:1:      minmay_arrival_doors, layout_basic, minmay_misc_feat_iff
D:2:      minmay_spotlight, layout_loops_corners, grunt_temple_overflow_diamond,
          uniq_terence
D:3:      kb_forest_paths, layout_basic, grunt_dithmenos_smoke
D:4:      cheibrodos_greedy_goblins, layout_loops_ring, temple_pool_b,
          uniq_duvessa, uniq_blork_the_orc

Skill      XL: |  1  2  3  4 |
---------------+-------------+-----
Fighting       | 4 |  4.9
Axes           | 3 4 |  4.0
Armour         | 4 |  4.2
Shields        | 4 |  4.2

Action                   |  1- 3 |  4- 6 || total
-------------------------+-------+-------++-------
Melee: War axe           |    60 |     8 ||    68
       Headbutt          |    10 |       ||    10
  Use: Potion            |       |     2 ||     2
Armor: Scale mail        |    28 |     5 ||    33
Dodge: Dodged            |    23 |     5 ||    28
Block: Kite shield       |    26 |    10 ||    36

Table legend: (Time is in decaauts)
 A = Elapsed time spent in this place.
 B = Non-inter-level travel time spent in this place.
 C = Inter-level travel time spent in this place.
 D = Time resting spent in this place.
 E = Time spent auto-exploring this place.
 F = Levels seen in this place.
 G = Mean time per level.
                   A        B        C        D        E       F      G
               +--------+--------+--------+--------+--------+-----+--------+
         Total |    614 |    576 |     38 |      0 |    398 |   4 |  153.5 |
       Dungeon |    614 |    576 |     38 |      0 |    398 |   4 |  153.5 |
               +--------+--------+--------+--------+--------+-----+--------+

Top non-repeatable levels by time:
     D:3: 231 daAuts
     D:2: 153 daAuts
     D:1: 134 daAuts
     D:4: 95 daAuts
